 Dungeon Crawl Stone Soup version 0.17-a0-2127-g1cb09f6 (webtiles) character file.

264 septik the Twirler (level 5, -5/42 HPs)
             Began as a Minotaur Gladiator on Oct 23, 2015.
             Was an Initiate of Okawaru.
             Slain by Duvessa
             ... wielding a +0 rapier
              (13 damage)
             ... on level 4 of the Dungeon.
             The game lasted 00:13:10 (2877 turns).

septik the Twirler (Minotaur Gladiator)             Turns: 2877, Time: 00:13:10

Health: -5/42      AC: 10    Str: 19    XL:     5   Next: 98%
Magic:  4/4        EV:  9    Int:  5    God:    Okawaru [......]
Gold:   291        SH:  0    Dex: 12    Spells: 0 memorised, 4 levels left

rFire  . . .     SeeInvis .     F - +4 quarterstaff (chaos)
rCold  . . .     Clarity  .     r - +0 chain mail
rNeg   . . .     SustAt   .     (no shield)
rPois  .         Gourm    .     c - +0 hat
rElec  .         Spirit   .     G - +0 cloak (curse)
rCorr  .         Warding  .     (no gloves)
rMut   .         Stasis   .     (no boots)
MR     .....                    (no amulet)
Stlth  ..........               (no ring)
                                (no ring)

@: not resistant to hostile enchantments, extremely unstealthy
A: retaliatory headbutt, horns 2
a: Renounce Religion


You were on level 4 of the Dungeon.
You worshipped Okawaru.
Okawaru was noncommittal.
You were very hungry.

You visited 1 branch of the dungeon, and saw 4 of its levels.

You collected 291 gold pieces.

Inventory:

Hand Weapons
 a - a +0 quarterstaff
 p - a +0 hunting sling
 F - a +4 quarterstaff of chaos (weapon)
Missiles
 g - 101 stones (quivered)
 u - 23 sling bullets
 y - 30 poisoned needles
Armour
 b - a +0 leather armour
 c - a +0 hat (worn)
 m - a +0 ring mail
 r - a +0 chain mail (worn)
 G - a cursed +0 cloak (worn)
Jewellery
 s - an uncursed ring of see invisible {unknown}
 w - an uncursed ring of wizardry {unknown}
Scrolls
 f - 2 scrolls of remove curse {unknown}
 h - a scroll of fear {unknown}
 j - a scroll of enchant armour {unknown}
 k - a scroll of blinking {unknown}
 l - a scroll of fog {unknown}
 t - a scroll of teleportation {unknown}
 v - a scroll of amnesia {unknown}
 x - 2 scrolls of recharging {unknown}
 A - a scroll of noise {unknown}
 C - a scroll of identify {unknown}
Potions
 i - a potion of lignification {unknown}
 n - a potion of agility {unknown}
 o - 4 potions of curing {unknown}
 q - 3 potions of heal wounds {unknown}
 z - a potion of flight {unknown}
 D - a potion of ambrosia {unknown}
 E - a potion of haste {unknown}
Comestibles
 e - a bread ration
 B - 2 meat rations
 H - 2 chunks of flesh


   Skills:
 - Level 2.4 Fighting
 * Level 6.2 Staves
 - Level 2.0 Throwing
 + Level 3.3 Armour
 + Level 4.6 Dodging


You had 4 spell levels left.
You didn't know any spells.

Dungeon Overview and Level Annotations

Branches:
Dungeon (4/15)
 Temple: D:4-7

Altars:
Makhleb
Okawaru
Trog
Xom
Yredelemnul
The Shining One

Annotations:
D:4 Duvessa; endege's ghost, amateur TrFi


Innate Abilities, Weirdness & Mutations

You reflexively headbutt those who attack you in melee.
You have a pair of horns on your head.


Message History

Endege's ghost hits you but does no damage.
Duvessa closely misses you. Endege's ghost closely misses you.
You closely miss endege's ghost. Duvessa hits you but does no damage.
Endege's ghost closely misses you.
You hit endege's ghost but do no damage.
Duvessa hits you with a rapier! Endege's ghost hits you!
Duvessa hits you with a rapier.
* * * LOW HITPOINT WARNING * * *
Endege's ghost hits you.
* * * LOW HITPOINT WARNING * * *
Endege's ghost hits you but does no damage.
Endege's ghost closely misses you. x2
Duvessa hits you but does no damage. Endege's ghost hits you.
* * * LOW HITPOINT WARNING * * *
Duvessa barely misses you. You furiously retaliate!
You headbutt Duvessa, but do no damage. Endege's ghost misses you.
Duvessa hits you with a rapier!
You die...

#._..8....####
#............#
#......_.....#
#............#
#.##.........####### #
#.#####............#
#.###.#####............#
#.....
#..............We......#
#.....
####..#####.....@......#
#..... ##.##
#............# #...(.
#).# #............#
+..... #.##
#............# #.....
#.# #............#
#..... #.#
###'########## #.....
##.# #.# #..... #..# #.#
#..... #.## #.# ####'#


You could see Duvessa (berserk) and endege's ghost.

Vanquished Creatures
  Dowan (D:4)
  Crazy Yiuf (D:3)
  An orc priest (D:3)
  A worker ant (D:4)
  4 gnolls
  2 adders
  3 oozes
  4 worms
  3 orcs (D:3)
  5 giant cockroaches
  4 goblins
  4 hobgoblins
  6 kobolds
  2 ball pythons
  8 bats
  A giant newt (D:2)
  A quokka (D:3)
  9 rats
  A fungus (D:2)
61 creatures vanquished.

Notes
Turn   | Place    | Note
--------------------------------------------------------------
     0 | D:1      | septik the Minotaur Gladiator began the quest for the Orb.
     0 | D:1      | Reached XP level 1. HP: 18/18 MP: 0/0
   299 | D:1      | Reached skill level 4 in Staves
   299 | D:1      | Reached XP level 2. HP: 25/25 MP: 1/1
   489 | D:1      | Reached skill level 1 in Armour
   975 | D:1      | Reached XP level 3. HP: 30/30 MP: 2/2
  1000 | D:2      | Found a burning altar of Makhleb.
  1075 | D:2      | Found a glowing golden altar of the Shining One.
  1517 | D:2      | Found a shimmering altar of Xom.
  1670 | D:2      | Reached skill level 5 in Staves
  1670 | D:2      | Reached XP level 4. HP: 30/37 MP: 3/3
  2323 | D:3      | Noticed Crazy Yiuf
  2331 | D:3      | Killed Crazy Yiuf
  2331 | D:3      | Reached XP level 5. HP: 40/42 MP: 4/4
  2633 | D:4      | Reached skill level 6 in Staves
  2682 | D:4      | Found an iron altar of Okawaru.
  2684 | D:4      | Found a basalt altar of Yredelemnul.
  2685 | D:4      | Found a bloodstained altar of Trog.
  2690 | D:4      | Noticed Dowan
  2744 | D:4      | Killed Dowan
  2765 | D:4      | Became a worshipper of Warmaster Okawaru
  2822 | D:4      | Noticed endege's ghost (amateur TrFi)
  2864 | D:4      | Noticed Duvessa
  2877 | D:4      | Slain by Duvessa

Vault maps used:
D:1:      dpeg_arrival_renting
D:2:      old_standard_altar, bloody_makhleb, lemuel_coloured_pillars_altar,
          minmay_gold_behind_fungi, kennysheep_generic_room_11
D:3:      uniq_crazy_yiuf_cottage
D:4:      grunt_temple_overflow_open, first_bread, minmay_crystal_room,
          uniq_duvessa, uniq_sigmund

Action                   |  1- 3 |  4- 6 || total
-------------------------+-------+-------++-------
Melee: Quarterstaff      |    94 |    65 ||   159
 Fire: Hunting sling     |       |     9 ||     9
Throw: Throwing net      |     3 |     5 ||     8
 Stab: Held in net/web   |       |     1 ||     1
  Eat: Chunk             |     2 |     3 ||     5
